 Dungeon Crawl Stone Soup version 0.31-a0-986-g5e6e4ef867 (webtiles) character file.

Game seed: 10017204246712640527

361 dialectric the Ruffian (level 6, -1/58 HPs)
             Began as a Troll Shapeshifter on Nov 23, 2023.
             Slain by an ufetubus (3 damage)
             ... on level 4 of the Dungeon.
             The game lasted 00:03:01 (2431 turns).

dialectric the Ruffian (Troll Shapeshifter)         Turns: 2431, Time: 00:03:02

Health: -1/58      AC:  8    Str: 23    XL:     6   Next: 38%
Magic:  5/5        EV: 10    Int:  6    God:
Gold:   319        SH:  0    Dex: 11    Spells: 5/5 levels left

rFire   . .          .
                       - Unarmed
rCold   . . .        (no shield)
rNeg    . . .        a - +0 animal skin
rPois   .            (helmet currently unavailable)
rElec   .            (cloak currently unavailable)
rCorr   .            (gloves unavailable)
SInv    .            (boots unavailable)
Will    .....        (no amulet)
Stlth   +            t - +4 ring of protection
HPRegen 1.09/turn    (no ring)
MPRegen 0.09/turn

%: no passive effects
@: beast-form
A: beast (slay +2), large, unfitting armour, claws 3, regeneration 1, shaggy fur
1, tough skin 1
a: Begin Untransformation


You were on level 4 of the Dungeon.
You were a hulking beast.
You visited 1 branch of the dungeon, and saw 5 of its levels.

You collected 319 gold pieces.

Inventory:

Missiles
 j - 11 poisoned darts
Armour
 a - a +0 animal skin (worn)
Jewellery
 t - a +4 ring of protection (left claw)
Talismans
 c - a beast talisman
 d - a flux talisman
Scrolls
 e - a scroll of noise {unknown}
 f - 5 scrolls of identify {unknown}
 i - 2 scrolls of teleportation {unknown}
 k - a scroll of blinking {unknown}
 m - 5 scrolls of immolation {unknown}
 q - a scroll of enchant weapon {unknown}
Potions
 b - 3 potions of lignification
 g - 3 potions of curing
 h - a potion of degeneration {unknown}
 l - 3 potions of brilliance {unknown}
 n - 3 potions of heal wounds {unknown}
 o - a potion of mutation {unknown}
 p - 2 potions of attraction {unknown}
 r - 2 potions of invisibility {unknown}
 s - 2 potions of resistance {unknown}


   Skills:
 + Level 2.3 Fighting
 * Level 3.7 Dodging
 + Level 4.2 Unarmed Combat
 + Level 4.0 Shapeshifting


You had 5 spell levels left.
You didn't know any spells.
Your spell library contained the following spells:

 Spells                   Type           Power      Damage    Failure   Level
 Summon Guardian Golem    Hex/Summ       0%         N/A       83%         3
 Orb of Destruction       Conj           0%         9d5       100%        7
 Spellforged Servitor     Conj/Summ      0%         N/A       100%        7


Dungeon Overview and Level Annotations

Branches:
Dungeon (5/15)
 Temple: D:4-7

Altars:

Shops:
D:1 (   D:5 =


Innate Abilities, Weirdness & Mutations

You are a hulking beast.
Your limbs bulge with bestial killing power. (Slay +2)
You are too large for most types of armour.
You have claws for hands.
Your natural rate of healing is unusually fast.
You are covered in fur. (AC +1)
You have tough skin. (AC +1)


Message History

You claw the ufetubus!
The ufetubus is almost dead.
You feel sick. The ufetubus misses you. The ufetubus completely misses you.
The orc hits you with a +2 flail of distortion.
Space warps around you. The ufetubus completely misses you.
The ufetubus misses you.
The ufetubus hits you but does no damage.
The ufetubus hits you.
Unknown command.
You feel sick. The ufetubus closely misses you. The ufetubus hits you.
The orc hits you with a +2 flail of distortion.
Space warps around you. The ufetubus attacks as it pursues you!
The ufetubus hits you. The ufetubus misses you.
You feel sick.
The ufetubus hits you but does no damage.
The ufetubus hits you.
* * * LOW HITPOINT WARNING * * *
You feel sick. The ufetubus misses you. The ufetubus hits you.
* * * LOW HITPOINT WARNING * * *
The orc hits you but does no damage.
You see here a +0 dagger of venom.
Unknown command.
It was a potion of curing.
You feel better. The ufetubus barely misses you.
The ufetubus closely misses you.
The orc hits you with a +2 flail of distortion.
* * * LOW HITPOINT WARNING * * *
Space warps horribly around you!
* * * LOW HITPOINT WARNING * * *
The ufetubus hits you but does no damage.
The ufetubus barely misses you. The ufetubus slips past you!
The ufetubus hits you but does no damage. x2
The ufetubus misses you. The ufetubus hits you.
* * * LOW HITPOINT WARNING * * *
The orc barely misses you.
The ufetubus hits you but does no damage.
The ufetubus barely misses you. The ufetubus barely misses you.
The ufetubus hits you but does no damage.
The ufetubus barely misses you. The ufetubus hits you.
You die...

..........##.###.................
#....#..####.###.................
...###..# #..##...#.#...........
######.######......#.##..........
####...#......>....#.##...>...###
.......................#.####..##
..###.##........5................
..##..##########o5........####...
..##.## #h....>....####### ..##.#
#................. ..#..#
#..........####### ....##
#.#.#..##### ...## ###...## ..##
#.### ..# #.# ..# ###.###### ###
#........#


You could see 2 ufetubi and an orc.

Vanquished Creatures
  A phantom (D:4)
  A hound (D:3)
  2 jellies (D:4)
  An iguana (D:4)
  2 orc wizards
  3 adders
  A worm (D:3)
  6 dart slugs
  16 orcs
  2 ball pythons
  4 bats
  8 endoplasms
  A giant cockroach (D:1)
  6 hobgoblins
  7 kobolds
  A quokka (D:1)
  2 frilled lizards
  2 goblins
  6 rats
72 creatures vanquished.

Notes
Turn   | Place    | Note
-------+----------+-------------------------------------------
     0 | D:1      | dialectric the Troll Shapeshifter began the quest for the
                  | Orb.
     0 | D:1      | Reached XP level 1. HP: 18/18 MP: 0/0
    52 | D:1      | Found Quneg's Weapon Shoppe.
    79 | D:1      | Reached skill level 1 in Fighting
    95 | D:1      | Reached XP level 2. HP: 25/27 MP: 1/1
   519 | D:2      | You fall into a shaft and drop 1 floor!
   531 | D:3      | Reached XP level 3. HP: 33/33 MP: 2/2
   838 | D:3      | Reached XP level 4. HP: 36/41 MP: 3/3
  1314 | D:2      | Reached XP level 5. HP: 49/49 MP: 4/4
  2018 | D:4      | Noticed a phantom
  2025 | D:4      | Killed a phantom
  2064 | D:4      | Reached XP level 6. HP: 57/57 MP: 5/5
  2401 | D:5      | Entered Level 5 of the Dungeon
  2401 | D:5      | Found Dumelits's Jewellery Emporium.
  2429 | D:4      | HP: 1/58 [orc/+2 flail of distortion (14)]
  2431 | D:4      | Slain by an ufetubus

Illustrated notes

Levels and vault maps discovered:
D:1:      psy_arrival_dodecagon, layout_rooms, serial_shops, shop,
          chequers_garden
D:2:      layout_basic
D:3:      layout_basic
D:4:      layout_rooms
D:5:      layout_basic, minivault_27, nicolae_stop_n_shop_2

Skill      XL: |  1  2  3  4  5  6 |
---------------+-------------------+-----
Fighting       | 1 2 |  2.3
Dodging        | 2 3 |  3.7
Unarmed Combat | 4 |  4.2
Shapeshifting  | 4 |  4.0

Action                     |  1- 3 |  4- 6 || total
---------------------------+-------+-------++-------
  Melee: Unarmed           |    81 |    83 ||   164
         Punch             |     1 |     1 ||     2
    Use: Potion            |       |     1 ||     1
   Stab: Sleeping          |       |     1 ||     1
 Armour: Animal skin       |    51 |    77 ||   128
  Dodge: Dodged            |    28 |    72 ||   100

Table legend: (Time is in decaauts)
 A = Elapsed time spent in this place.
 B = Non-inter-level travel time spent in this place.
 C = Inter-level travel time spent in this place.
 D = Time resting spent in this place.
 E = Time spent auto-exploring this place.
 F = Levels seen in this place.
 G = Mean time per level.
                   A        B        C        D        E       F      G
               +--------+--------+--------+--------+--------+-----+--------+
         Total |   2420 |   2308 |    112 |      0 |   1775 |   5 |  484.0 |
       Dungeon |   2420 |   2308 |    112 |      0 |   1775 |   5 |  484.0 |
               +--------+--------+--------+--------+--------+-----+--------+

Top non-repeatable levels by time:
     D:2: 759 daAuts
     D:3: 720 daAuts
     D:1: 466 daAuts
     D:4: 451 daAuts
     D:5: 22 daAuts
